 Dungeon Crawl Stone Soup version 0.29.0-4-gdea44cf6ec (webtiles) character file.

Game seed: 14328443294603609559

777 qw the Chopper (level 7, 0/44 HPs)
             Began as a Gargoyle Berserker on Sept 4, 2022.
             Was a Priest of Trog.
             Splashed by a jelly's acid (8 damage)
             ... on level 5 of the Dungeon.
             The game lasted 00:02:46 (4459 turns).

qw the Chopper (Gargoyle Berserker)                 Turns: 4459, Time: 00:02:46

Health: 0/44       AC: 17    Str: 22    XL:     7   Next: 84%
Magic:  7/7        EV: 11    Int:  8    God:    Trog [***...]
Gold:   152        SH:  0    Dex:  9    Spells: 6/6 levels left

rFire   + . .      SeeInvis .   Y - +1 hand axe
rCold   + . .      Faith    .   (no shield)
rNeg    + . .      Spirit   .   m - +3 ring mail {rF+}
rPois   inf        Reflect  .   l - +2 helmet
rElec   +          Harm     .   (no cloak)
rCorr   .          Rampage  .   (no gloves)
Will    .....                   b - +0 pair of boots
Stlth   ..........              (no amulet)
HPRegen 0.14/turn               i - ring of protection from cold
MPRegen 0.10/turn               (no ring)

@: on berserk cooldown, slowed, very slow
A: sickness immunity, AC +4, negative energy resistance 1, electricity
resistance, torment resistance 1, petrification resistance
a: Renounce Religion, Berserk, Trog's Hand


You were on level 5 of the Dungeon.
You worshipped Trog.
Trog was most pleased with you.
You visited 1 branch of the dungeon, and saw 5 of its levels.

You collected 152 gold pieces.


Innate Abilities, Weirdness & Mutations

You are immune to sickness and miasma.
Your stone body is resilient. (AC +4)
You are immune to poison.
You resist negative energy. (rN+)
You are resistant to electric shocks. (rElec)
You are resistant to unholy torment.
You are immune to petrification.


   Skills:
 - Level 5.1 Fighting
 + Level 7.5 Axes
 - Level 2.1 Armour
 - Level 1.5 Dodging


You had 6 spell levels left.
You didn't know any spells.
Your spell library was empty.

Inventory:

Hand Weapons
 j - a +3 flail of protection
 Y - a +1 hand axe (weapon)
Armour
 b - a +0 pair of boots (worn)
 f - an orb of guile
 l - a +2 helmet (worn)
 m - a +3 ring mail of fire resistance (worn)
Jewellery
 d - a ring of fire
 i - a ring of protection from cold (left hand)
Scrolls
 e - 2 scrolls of teleportation
 p - a scroll of identify
Potions
 a - a potion of curing
 c - 2 potions of mutation
 g - a potion of haste
 h - a potion of heal wounds {unknown}
 q - a potion of cancellation {unknown}

Dungeon Overview and Level Annotations

Branches:
Dungeon (5/15)             Temple (0/1) D:4

Altars:
Yredelemnul

Shops:
D:1 :


Message History

The toadstool is destroyed!
The jelly hits you.
You are splashed with acid!
The jelly barely misses you.
There is an open door here.
You slash the jelly!
Your hands burn!
The jelly is heavily wounded.
You slash the jelly!
Your hands burn!
You slash the jelly!
Your hands burn!
The jelly hits the fungus.
The fungus is splashed with acid.
The acid corrodes the fungus!
The jelly misses you. The jelly barely misses you.
You slash the jelly!
You kill the jelly!
Trog accepts your kill.
You slash the jelly!
You kill the jelly!
Trog accepts your kill.
You slash the slime creature!
Your Fighting skill increases to level 5!
You slash the slime creature!
The slime creature is moderately wounded.
You are no longer berserk.
You are exhausted.
You feel yourself slow down.
The jelly hits the fungus.
The fungus is splashed with acid.
You hit the slime creature.
The slime creature is heavily wounded.
You slash the jelly!
Your hands burn!
The jelly closely misses you.
The slime creature hits you but does no damage.
You hit the jelly.
Your hands burn!
The jelly is heavily wounded.
You hit the slime creature. You hit the endoplasm.
A nearby fungus withers and dies.
The endoplasm freezes you.
You are frozen.
You resist. The slime creature barely misses you. The jelly closely misses you.
The endoplasm barely misses you. The slime creature barely misses you.
The jelly closely misses you.
You slash the slime creature!
The slime creature is heavily wounded.
You hit the jelly.
Your hands burn!
You barely miss the endoplasm. The jelly hits you.
You are splashed with acid!
You die...

#. ... #.. .. ....#.#+##
#...#..... ###.......
.......<.. #######
####......
#.....J############...##
#..%PJJ@##......###...##
#%%.JJJ#.#.......##)....
#PP%.JJ#.#........).....
#.%...J#.#........))....
#PP....#.#'#......'.....
#......#.#.#.....##.....
#PP.PPP#)#.#....####....
#).....##.####### #....
### #....


You could see a slime creature, 6 jellies and 2 endoplasms.

Vanquished Creatures
  A slime creature (D:5)
  Edmund (D:4)
  An ice beast (D:4)
  A phantom (D:3)
  2 jellies (D:5)
  A gnoll bouda (D:4)
  Ijyb (D:4)
  Robin (D:2)
  8 adders
  3 gnolls (D:4)
  A dart slug (D:4)
  11 ball pythons
  8 bats
  5 endoplasms
  3 giant cockroaches
  9 goblins
  8 hobgoblins
  4 jackals (D:4)
  2 quokkas
  5 frilled lizards
  15 kobolds
  3 rats (D:1)
94 creatures vanquished.

Vanquished Creatures (others)
  A fungus (D:5)
  6 toadstools (D:5)
7 creatures vanquished.

Grand Total: 101 creatures vanquished

Notes
Turn   | Place    | Note
-------+----------+-------------------------------------------
     0 | D:1      | qw the Gargoyle Berserker began the quest for the Orb.
     0 | D:1      | Reached XP level 1. HP: 14/14 MP: 1/1
     0 | D:1      | 0 ||| qw: Version: 0.1-a-103-gd6f5d3a
     0 | D:1      | 0 ||| qw: Game counter: 5751
     0 | D:1      | 0 ||| qw: Always use a shield: true
     0 | D:1      | 0 ||| qw: Do Orc after D:15 true
     0 | D:1      | 0 ||| qw: Do second Lair branch before Depths: true
     0 | D:1      | 0 ||| qw: Lair rune preference: random
     0 | D:1      | 0 ||| qw: Plans: Normal
     0 | D:1      | 0 ||| PLANNING D:1-11
   106 | D:1      | Reached skill level 3 in Axes
   110 | D:1      | Reached XP level 2. HP: 14/19 MP: 2/2
   231 | D:1      | Found a faded altar of an unknown god.
   324 | D:1      | 324 ||| Stepping ~*~*~tactically~*~*~ (stealth).
   842 | D:1      | Found Deabrush's Vocational Training.
  1069 | D:1      | 1069 ||| UPGRADING to +0 ring mail.
  1079 | D:1      | 1079 ||| DROPPING +0 animal skin.
  1080 | D:1      | 1080 ||| READING scroll labelled GICUSI VUMNUVI.
  1191 | D:2      | 1191 ||| Stepping ~*~*~tactically~*~*~ (stealth).
  1195 | D:2      | 1195 ||| Stepping ~*~*~tactically~*~*~ (stealth).
  1200 | D:2      | Reached XP level 3. HP: 23/23 MP: 3/3
  1214 | D:2      | 1214 ||| READING scroll labelled LUHUBIECLU.
  1215 | D:2      | 1215 ||| Stepping randomly (stuck).
  1216 | D:2      | 1216 ||| Stepping randomly (stuck).
  1217 | D:2      | 1217 ||| Stepping randomly (stuck).
  1218 | D:2      | 1218 ||| Stepping randomly (stuck).
  1220 | D:2      | 1220 ||| Stepping randomly (stuck).
  1221 | D:2      | 1221 ||| Stepping randomly (stuck).
  1222 | D:2      | 1222 ||| Stepping randomly (stuck).
  1224 | D:2      | 1224 ||| Stepping randomly (stuck).
  1226 | D:2      | 1226 ||| Stepping randomly (stuck).
  1228 | D:2      | 1228 ||| Stepping randomly (stuck).
  1229 | D:2      | 1229 ||| Stepping randomly (stuck).
  1230 | D:2      | 1230 ||| Stepping randomly (stuck).
  1231 | D:2      | 1231 ||| Stepping randomly (stuck).
  1237 | D:2      | 1237 ||| Stepping randomly (stuck).
  1239 | D:2      | 1239 ||| Stepping randomly (stuck).
  1240 | D:2      | 1240 ||| Stepping randomly (stuck).
  1242 | D:2      | 1242 ||| Stepping randomly (stuck).
  1243 | D:2      | 1243 ||| Stepping randomly (stuck).
  1244 | D:2      | 1244 ||| Stepping randomly (stuck).
  1246 | D:2      | 1246 ||| Stepping randomly (stuck).
  1247 | D:2      | 1247 ||| Stepping randomly (stuck).
  1248 | D:2      | 1248 ||| Stepping randomly (stuck).
  1250 | D:2      | 1250 ||| Stepping randomly (stuck).
  1252 | D:2      | 1252 ||| Stepping randomly (stuck).
  1253 | D:2      | 1253 ||| Stepping randomly (stuck).
  1254 | D:2      | 1254 ||| Stepping randomly (stuck).
  1256 | D:2      | 1256 ||| Stepping randomly (stuck).
  1257 | D:2      | 1257 ||| Stepping randomly (stuck).
  1258 | D:2      | 1258 ||| Stepping randomly (stuck).
  1259 | D:2      | 1259 ||| Stepping randomly (stuck).
  1260 | D:2      | 1260 ||| Stepping randomly (stuck).
  1261 | D:2      | 1261 ||| Stepping randomly (stuck).
  1263 | D:2      | 1263 ||| Stepping randomly (stuck).
  1264 | D:2      | 1264 ||| Stepping randomly (stuck).
  1265 | D:2      | 1265 ||| Stepping randomly (stuck).
  1266 | D:2      | 1266 ||| Stepping randomly (stuck).
  1267 | D:2      | 1267 ||| Stepping randomly (stuck).
  1268 | D:2      | 1268 ||| Stepping randomly (stuck).
  1269 | D:2      | 1269 ||| Stepping randomly (stuck).
  1270 | D:2      | 1270 ||| Stepping randomly (stuck).
  1271 | D:2      | 1271 ||| Stepping randomly (stuck).
  1273 | D:2      | 1273 ||| Stepping randomly (stuck).
  1275 | D:2      | 1275 ||| Stepping randomly (stuck).
  1277 | D:2      | 1277 ||| Stepping randomly (stuck).
  1278 | D:2      | 1278 ||| Stepping randomly (stuck).
  1280 | D:2      | 1280 ||| Stepping randomly (stuck).
  1281 | D:2      | 1281 ||| Stepping randomly (stuck).
  1283 | D:2      | 1283 ||| Stepping randomly (stuck).
  1285 | D:2      | 1285 ||| Stepping randomly (stuck).
  1286 | D:2      | 1286 ||| Stepping randomly (stuck).
  1288 | D:2      | 1288 ||| Stepping randomly (stuck).
  1290 | D:2      | 1290 ||| Stepping randomly (stuck).
  1291 | D:2      | 1291 ||| Stepping randomly (stuck).
  1292 | D:2      | 1292 ||| Stepping randomly (stuck).
  1294 | D:2      | 1294 ||| Stepping randomly (stuck).
  1295 | D:2      | 1295 ||| Stepping randomly (stuck).
  1296 | D:2      | 1296 ||| Stepping randomly (stuck).
  1297 | D:2      | 1297 ||| Stepping randomly (stuck).
  1298 | D:2      | 1298 ||| Stepping randomly (stuck).
  1299 | D:2      | 1299 ||| Stepping randomly (stuck).
  1300 | D:2      | 1300 ||| Stepping randomly (stuck).
  1301 | D:2      | 1301 ||| Stepping randomly (stuck).
  1302 | D:2      | 1302 ||| Stepping randomly (stuck).
  1303 | D:2      | 1303 ||| Stepping randomly (stuck).
  1305 | D:2      | 1305 ||| Stepping randomly (stuck).
  1306 | D:2      | 1306 ||| Stepping randomly (stuck).
  1307 | D:2      | 1307 ||| Stepping randomly (stuck).
  1308 | D:2      | 1308 ||| Stepping randomly (stuck).
  1309 | D:2      | 1309 ||| Stepping randomly (stuck).
  1310 | D:2      | 1310 ||| Stepping randomly (stuck).
  1312 | D:2      | 1312 ||| Stepping randomly (stuck).
  1314 | D:2      | 1314 ||| Stepping randomly (stuck).
  1315 | D:2      | 1315 ||| Stepping randomly (stuck).
  1316 | D:2      | 1316 ||| Stepping randomly (stuck).
  1317 | D:2      | 1317 ||| Stepping randomly (stuck).
  1318 | D:2      | 1318 ||| Stepping randomly (stuck).
  1319 | D:2      | 1319 ||| Stepping randomly (stuck).
  1320 | D:2      | 1320 ||| Stepping randomly (stuck).
  1321 | D:2      | 1321 ||| Stepping randomly (stuck).
  1322 | D:2      | 1322 ||| Stepping randomly (stuck).
  1323 | D:2      | 1323 ||| Stepping randomly (stuck).
  1325 | D:2      | 1325 ||| Stepping randomly (stuck).
  1326 | D:2      | 1326 ||| Stepping randomly (stuck).
  1327 | D:2      | 1327 ||| Stepping randomly (stuck).
  1329 | D:2      | 1329 ||| Stepping randomly (stuck).
  1330 | D:2      | 1330 ||| Stepping randomly (stuck).
  1331 | D:2      | 1331 ||| Stepping randomly (stuck).
  1332 | D:2      | 1332 ||| Stepping randomly (stuck).
  1333 | D:2      | 1333 ||| Stepping randomly (stuck).
  1334 | D:2      | 1334 ||| Stepping randomly (stuck).
  1336 | D:2      | 1336 ||| Stepping randomly (stuck).
  1338 | D:2      | 1338 ||| Stepping randomly (stuck).
  1339 | D:2      | 1339 ||| Stepping randomly (stuck).
  1340 | D:2      | 1340 ||| Stepping randomly (stuck).
  1341 | D:2      | 1341 ||| Stepping randomly (stuck).
  1342 | D:2      | 1342 ||| Stepping randomly (stuck).
  1343 | D:2      | 1343 ||| Stepping randomly (stuck).
  1344 | D:2      | 1344 ||| Stepping randomly (stuck).
  1345 | D:2      | 1345 ||| Stepping randomly (stuck).
  1346 | D:2      | 1346 ||| Stepping randomly (stuck).
  1347 | D:2      | 1347 ||| Stepping randomly (stuck).
  1349 | D:2      | 1349 ||| Stepping randomly (stuck).
  1350 | D:2      | 1350 ||| Stepping randomly (stuck).
  1351 | D:2      | 1351 ||| Stepping randomly (stuck).
  1352 | D:2      | 1352 ||| Stepping randomly (stuck).
  1353 | D:2      | 1353 ||| Stepping randomly (stuck).
  1354 | D:2      | 1354 ||| Stepping randomly (stuck).
  1355 | D:2      | 1355 ||| Stepping randomly (stuck).
  1356 | D:2      | 1356 ||| Stepping randomly (stuck).
  1357 | D:2      | 1357 ||| Stepping randomly (stuck).
  1358 | D:2      | 1358 ||| Stepping randomly (stuck).
  1361 | D:2      | 1361 ||| Stepping randomly (stuck).
  1362 | D:2      | 1362 ||| Stepping randomly (stuck).
  1363 | D:2      | 1363 ||| Stepping randomly (stuck).
  1364 | D:2      | 1364 ||| Stepping randomly (stuck).
  1365 | D:2      | 1365 ||| Stepping randomly (stuck).
  1366 | D:2      | 1366 ||| Stepping randomly (stuck).
  1367 | D:2      | 1367 ||| Stepping randomly (stuck).
  1368 | D:2      | 1368 ||| Stepping randomly (stuck).
  1369 | D:2      | 1369 ||| Stepping randomly (stuck).
  1370 | D:2      | 1370 ||| Stepping randomly (stuck).
  1372 | D:2      | 1372 ||| Stepping randomly (stuck).
  1373 | D:2      | 1373 ||| Stepping randomly (stuck).
  1375 | D:2      | 1375 ||| Stepping randomly (stuck).
  1377 | D:2      | 1377 ||| Stepping randomly (stuck).
  1378 | D:2      | 1378 ||| Stepping randomly (stuck).
  1379 | D:2      | 1379 ||| Stepping randomly (stuck).
  1380 | D:2      | 1380 ||| Stepping randomly (stuck).
  1381 | D:2      | 1381 ||| Stepping randomly (stuck).
  1382 | D:2      | 1382 ||| Stepping randomly (stuck).
  1383 | D:2      | 1383 ||| Stepping randomly (stuck).
  1384 | D:2      | 1384 ||| Stepping randomly (stuck).
  1385 | D:2      | 1385 ||| Stepping randomly (stuck).
  1386 | D:2      | 1386 ||| Stepping randomly (stuck).
  1388 | D:2      | 1388 ||| Stepping randomly (stuck).
  1389 | D:2      | 1389 ||| Stepping randomly (stuck).
  1391 | D:2      | 1391 ||| Stepping randomly (stuck).
  1393 | D:2      | 1393 ||| Stepping randomly (stuck).
  1394 | D:2      | 1394 ||| Stepping randomly (stuck).
  1395 | D:2      | 1395 ||| Stepping randomly (stuck).
  1396 | D:2      | 1396 ||| Stepping randomly (stuck).
  1397 | D:2      | 1397 ||| Stepping randomly (stuck).
  1398 | D:2      | 1398 ||| Stepping randomly (stuck).
  1400 | D:2      | 1400 ||| Stepping randomly (stuck).
  1402 | D:2      | 1402 ||| Stepping randomly (stuck).
  1403 | D:2      | 1403 ||| Stepping randomly (stuck).
  1404 | D:2      | 1404 ||| Stepping randomly (stuck).
  1406 | D:2      | 1406 ||| Stepping randomly (stuck).
  1407 | D:2      | 1407 ||| Stepping randomly (stuck).
  1408 | D:2      | 1408 ||| Stepping randomly (stuck).
  1410 | D:2      | 1410 ||| Stepping randomly (stuck).
  1411 | D:2      | 1411 ||| Stepping randomly (stuck).
  1412 | D:2      | 1412 ||| Stepping randomly (stuck).
  1413 | D:2      | 1413 ||| Stepping randomly (stuck).
  1421 | D:2      | Reached skill level 4 in Axes
  1441 | D:2      | 1441 ||| Stepping randomly (stuck).
  1442 | D:2      | 1442 ||| Stepping randomly (stuck).
  1443 | D:2      | 1443 ||| Stepping randomly (stuck).
  1444 | D:2      | 1444 ||| Stepping randomly (stuck).
  1450 | D:2      | 1450 ||| Stepping randomly (stuck).
  1451 | D:2      | 1451 ||| Stepping randomly (stuck).
  1452 | D:2      | 1452 ||| Stepping randomly (stuck).
  1453 | D:2      | 1453 ||| Stepping randomly (stuck).
  1454 | D:2      | 1454 ||| Stepping randomly (stuck).
  1455 | D:2      | 1455 ||| Stepping randomly (stuck).
  1456 | D:2      | 1456 ||| Stepping randomly (stuck).
  1457 | D:2      | 1457 ||| Stepping randomly (stuck).
  1627 | D:2      | Reached ** piety under Trog
  1679 | D:2      | 1679 ||| Stepping ~*~*~tactically~*~*~ (stealth).
  1758 | D:2      | 1758 ||| Stepping ~*~*~tactically~*~*~ (stealth).
  1764 | D:2      | Reached XP level 4. HP: 28/28 MP: 4/4
  1770 | D:2      | Noticed Robin
  1777 | D:2      | 1777 ||| INVOKING Berserk.
  1781 | D:2      | Killed Robin
  1852 | D:2      | 1852 ||| DROPPING +0 whip.
  2377 | D:2      | 2377 ||| UPGRADING to +0 pair of boots.
  2382 | D:2      | 2382 ||| UPGRADING to +0 helmet.
  2387 | D:2      | 2387 ||| READING scroll of enchant armour.
  2387 | D:2      | 2387 ||| ENCHANTING +0 helmet.
  2388 | D:2      | 2388 ||| READING scroll labelled HIDEUNK UMNIA.
  2389 | D:2      | 2389 ||| READING scroll labelled BAX ZUIHU DAJI.
  2392 | D:2      | 2392 ||| READING scroll labelled NAICEA YVOSH.
  2393 | D:2      | 2393 ||| READING scroll labelled NOG FAROMAGYUW.
  2394 | D:2      | 2394 ||| READING 4 scrolls labelled UFRIYM SUPT.
  2395 | D:2      | 2395 ||| DRINKING 2 sedimented coppery potions.
  2396 | D:2      | 2396 ||| READING 3 scrolls of identify.
  2396 | D:2      | 2396 ||| IDENTIFYING glowing green potion
  2397 | D:2      | 2397 ||| READING 2 scrolls of identify.
  2397 | D:2      | 2397 ||| IDENTIFYING gluggy clear potion
  2398 | D:2      | 2398 ||| DROPPING potion of attraction.
  2399 | D:2      | 2399 ||| DROPPING potion of degeneration.
  2498 | D:3      | Reached skill level 5 in Axes
  2510 | D:3      | Reached XP level 5. HP: 30/32 MP: 5/5
  2692 | D:3      | Noticed a phantom
  2704 | D:3      | 2704 ||| INVOKING Berserk.
  2711 | D:3      | Killed a phantom
  3266 | D:3      | 3266 ||| DROPPING +6 ring of intelligence.
  3267 | D:3      | 3267 ||| UPGRADING to ring of protection from cold.
  3268 | D:3      | 3268 ||| DRINKING 2 amethyst potions.
  3317 | D:3      | 3317 ||| DROPPING potion of lignification.
  3458 | D:4      | Noticed Ijyb
  3466 | D:4      | 3466 ||| INVOKING Berserk.
  3475 | D:4      | Killed Ijyb
  3476 | D:4      | Reached XP level 6. HP: 39/39 MP: 6/6
  3588 | D:4      | Found a basalt altar of Yredelemnul.
  3622 | D:4      | Noticed Edmund
  3623 | D:4      | 3623 ||| Stepping ~*~*~tactically~*~*~ (stealth).
  3628 | D:4      | 3628 ||| INVOKING Berserk.
  3640 | D:4      | Killed Edmund
  3641 | D:4      | Reached skill level 6 in Axes
  3645 | D:4      | 3645 ||| Stepping ~*~*~tactically~*~*~ (stealth).
  3647 | D:4      | 3647 ||| Stepping ~*~*~tactically~*~*~ (stealth).
  3648 | D:4      | 3648 ||| Stepping ~*~*~tactically~*~*~ (stealth).
  3723 | D:4      | 3723 ||| Stepping ~*~*~tactically~*~*~ (stealth).
  3726 | D:4      | 3726 ||| Stepping ~*~*~tactically~*~*~ (stealth).
  3749 | D:4      | 3749 ||| DROPPING +1 mace of draining.
  3764 | D:4      | 3764 ||| Stepping ~*~*~tactically~*~*~ (hiding).
  3765 | D:4      | 3765 ||| INVOKING Berserk.
  3856 | D:4      | Noticed an ice beast
  3857 | D:4      | 3857 ||| Stepping ~*~*~tactically~*~*~ (stealth).
  3874 | D:4      | 3874 ||| INVOKING Berserk.
  3877 | D:4      | Killed an ice beast
  3878 | D:4      | Reached XP level 7. HP: 24/44 MP: 7/7
  4156 | D:4      | Found a staircase to the Ecumenical Temple.
  4264 | D:4      | 4264 ||| READING scroll of enchant armour.
  4264 | D:4      | 4264 ||| ENCHANTING +1 helmet.
  4265 | D:4      | 4265 ||| UPGRADING to +3 ring mail of fire resistance.
  4275 | D:4      | 4275 ||| DROPPING +0 ring mail.
  4276 | D:4      | 4276 ||| READING 2 scrolls labelled VAESUZ FEXEOFE.
  4277 | D:4      | 4277 ||| READING 4 scrolls of identify.
  4277 | D:4      | 4277 ||| IDENTIFYING red potion
  4278 | D:4      | 4278 ||| READING 3 scrolls of identify.
  4278 | D:4      | 4278 ||| IDENTIFYING inky potion
  4279 | D:4      | 4279 ||| READING 2 scrolls of identify.
  4279 | D:4      | 4279 ||| IDENTIFYING clear potion
  4280 | D:4      | 4280 ||| DROPPING scroll of immolation.
  4281 | D:4      | 4281 ||| DROPPING potion of ambrosia.
  4356 | D:5      | Entered Level 5 of the Dungeon
  4433 | D:5      | Reached *** piety under Trog
  4440 | D:5      | Noticed a slime creature
  4443 | D:5      | 4443 ||| INVOKING Berserk.
  4452 | D:5      | Killed a slime creature
  4453 | D:5      | Reached skill level 7 in Axes
  4453 | D:5      | Noticed a slime creature
  4459 | D:5      | HP: 8/44 [acid (5)]
  4459 | D:5      | Splashed by a jelly's acid

Levels and vault maps discovered:
D:1:      onia_arrival_mini_spirals, layout_loops_ring, basic_ecumenical_altar,
          nicolae_shop_vocational
D:2:      cheibrodos_helix_gallery, layout_basic, minivault_4, minmay_puff,
          uniq_robin
D:3:      layout_basic, chequers_mini_garden, skrybe_limestone_x, nicolae_titane
D:4:      layout_basic, yredelemnul_altar_generic,
          minmay_temple_entry_statues_pillars, uniq_ijyb, uniq_edmund
D:5:      cheibrodos_fertilizer, layout_basic, elyvilon_altar_3,
          mainiacjoe_overflow_surrounded_room

Skill      XL: |  1  2  3  4  5  6  7 |
---------------+----------------------+-----
Axes           | 3 4 5 6 7 |  7.5
Fighting       | 4 5 |  5.1
Armour         | |  2.1
Dodging        | |  1.5

Action                   |  1- 3 |  4- 6 |  7- 9 || total
-------------------------+-------+-------+-------++-------
Melee: Hand axe          |   107 |   170 |    53 ||   330
       Punch             |       |     1 |     4 ||     5
Throw: Boomerang         |     4 |       |       ||     4
Invok: Berserk           |       |     6 |     1 ||     7
  Use: Scroll            |     2 |     8 |     5 ||    15
       Potion            |       |     2 |       ||     2
Armor: Animal skin       |    14 |       |       ||    14
       Ring mail         |    19 |    86 |    32 ||   137
Dodge: Dodged            |    77 |    78 |    35 ||   190

Table legend:
 A = Non-vault XP
 B = Vault XP
 C = Vault XP percentage of total XP
 D = Non-vault monster count
 E = Vault monster count
 F = Vault count percentage of total count
                 A         B        C        D         E       F
            +---------+---------+-------+---------+---------+-------
      Total |     485 |     625 |  56.3 |      64 |      30 |  31.9
            +---------+---------+-------+---------+---------+-------
        D:1 |      27 |       0 |   0.0 |      18 |       0 |   0.0
        D:2 |      60 |      55 |  47.8 |      16 |      17 |  51.5
        D:3 |     143 |       0 |   0.0 |      10 |       0 |   0.0
        D:4 |     253 |     209 |  45.2 |      19 |       2 |   9.5
        D:5 |       2 |     361 |  99.4 |       1 |      11 |  91.7
            +---------+---------+-------+---------+---------+-------
